 Dungeon Crawl Stone Soup version 0.18.1-48-g4cf74bf (webtiles) character file.

72 Charly the Chopper (level 4, 0/39 HPs)
             Began as a Minotaur Chaos Knight on Aug 31, 2016.
             Succumbed to Crazy Yiuf's poison
             ... on level 2 of the Dungeon.
             The game lasted 00:05:41 (495 turns).

Charly the Chopper (Minotaur Chaos Knight)           Turns: 495, Time: 00:05:42

Health: 0/39       AC:  5    Str: 18 (21) XL:     4   Next: 7%
Magic:  3/3        EV: 16    Int:  6 (9)  God:    Xom [..*...]
Gold:   43         SH:  0    Dex: 16 (18) Spells: 0 memorised, 3 levels left

rFire  . . .     SeeInvis .     a - +0 hand axe (chaos)
rCold  . . .     Gourm    .     b - +2 leather armour
rNeg   . . .     Faith    .     (no shield)
rPois  .         Spirit   .     (helmet restricted)
rElec  .         Dismiss  .     (no cloak)
rCorr  .         Reflect  .     (no gloves)
SustAt .         Harm     .     (no boots)
MR     .....                    j - amulet of magic regeneration
Stlth  ++........               (no ring)
                                (no ring)

@: mighty, agile, lethally poisoned (0 -> -6), not resistant to hostile
enchantments, unstealthy
A: retaliatory headbutt, horns 2, agile 1
a: Renounce Religion


You were on level 2 of the Dungeon.
You worshipped Xom.
You were a toy of Xom.
You were not hungry.

You visited 1 branch of the dungeon, and saw 2 of its levels.

You collected 43 gold pieces.

Inventory:

Hand Weapons
 a - a +0 hand axe of chaos (weapon)
Armour
 b - a +2 leather armour (worn)
 d - a +2 cloak of magic resistance
Jewellery
 j - an amulet of magic regeneration (around neck)
Scrolls
 e - a scroll of amnesia {unknown}
 g - 2 scrolls of identify {unknown}
 h - a scroll of immolation {unknown}
Comestibles
 c - a bread ration
 i - 2 meat rations


   Skills:
 - Level 3.6 Fighting
 + Level 6.0 Axes
 - Level 2.4 Armour
 - Level 1.1 Dodging


You had 3 spell levels left.
You didn't know any spells.

Dungeon Overview and Level Annotations

Branches:
Dungeon (2/15)

Altars:


Innate Abilities, Weirdness & Mutations

You reflexively headbutt those who attack you in melee.
You have a pair of horns on your head.
You are agile. (Dex +2)


Message History

Drink which item? (? for menu, Esc to quit)
It was a potion of agility.
You feel agile all of a sudden.
* * * LOW HITPOINT WARNING * * *
You feel sick.
Drink which item? (? for menu, Esc to quit)
It was a potion of beneficial mutation.
You feel agile.
You feel fantastic!
* * * LOW HITPOINT WARNING * * *
You feel sick.
* * * LOW HITPOINT WARNING * * *
You feel sick.
Things that are here:
a quarterstaff of chaos; an embroidered cloak; the gnoll corpse of Crazy Yiuf
d - an embroidered cloak
* * * LOW HITPOINT WARNING * * *
You feel sick.
You die...
Xom is highly amused!

# #......†...######
#.#####.###...........#
#.......##.......####.#
######.#############
#.# #......# #.#
#.###### #####
#####.### #.# #§§§#
#.......# #.# #..§#
#####÷#.# #.# #.@.#
#####.#.# #.# ## ##.##
#.......# #.##.## ♣.♣
#.#.##..# #.#...### .♣♣
#.#.#...#### #.......#
♣♣. #........÷..
##.#...### .♣♣
#........### #.....##
♣♣.♣♣ #.####...#
#.....# ♣...♣♣ #. ##..#
#.....# ♣....
#.#####..#


There were no monsters in sight!

Vanquished Creatures
  Crazy Yiuf (D:2)
  2 adders (D:2)
  2 dart slugs (D:2)
  A giant gecko (D:1)
  A giant cockroach (D:1)
  6 hobgoblins
  2 kobolds
  A ball python (D:1)
  3 bats (D:2)
  5 rats
24 creatures vanquished.

Notes
Turn   | Place    | Note
--------------------------------------------------------------
     0 | D:1      | Charly the Minotaur Chaos Knight began the quest for the Orb.
     0 | D:1      | Reached XP level 1. HP: 19/19 MP: 0/0
    43 | D:1      | Reached skill level 4 in Axes
    60 | D:1      | Reached XP level 2. HP: 22/26 MP: 1/1
   125 | D:2      | XOM: mild Tloc miscast
   126 | D:2      | Noticed a spatial vortex
   201 | D:2      | Reached skill level 5 in Axes
   216 | D:2      | Reached XP level 3. HP: 14/31 MP: 2/2
   318 | D:2      | XOM: harmless Conj miscast
   480 | D:2      | Noticed Crazy Yiuf
   481 | D:2      | XOM: smoke on damage
   489 | D:2      | Killed Crazy Yiuf
   489 | D:2      | Reached skill level 6 in Axes
   489 | D:2      | Reached XP level 4. HP: 5/39 MP: 3/3
   491 | D:2      | Gained mutation: You are agile. (Dex +2) [potion of beneficial mutation]
   492 | D:2      | HP: 1/39 [poisoned by Crazy Yiuf]
   495 | D:2      | Succumbed to Crazy Yiuf's poison

Skill      XL: |  1  2  3 |
---------------+----------+-----
Axes           | 4 5 6 |  6.0
Fighting       | |  3.6
Armour         | |  2.4
Dodging        | |  1.1

Action                   |  1- 3 |  4- 6 || total
-------------------------+-------+-------++-------
Melee: Hand axe          |    55 |       ||    55
       Headbutt          |     7 |       ||     7
  Use: Potion            |     5 |     2 ||     7
  Eat: Pizza             |     1 |       ||     1
Armor: Leather armour    |    19 |       ||    19
Dodge: Dodged            |    29 |       ||    29
